 Dungeon Crawl Stone Soup version 0.32-a0-131-g9dbbe29261 (webtiles) character file.

Game seed: 9234908302674363236

15148 grandjackal the Timeless (level 11, -24/93 HPs)
             Began as a Demonspawn Gladiator on Feb 8, 2024.
             Was a High Priest of Cheibriados.
             Killed from afar by Frances (50 damage)
             ... with an iron shot
             ... on level 12 of the Dungeon.
             The game lasted 00:13:26 (9575 turns).

grandjackal the Timeless (Demonspawn Gladiator)     Turns: 9575, Time: 00:13:27

Health: -24/93     AC: 10    Str: 29    XL:     11   Next: 98%
Magic:  0/29       EV: 14    Int: 28    God:    Cheibriados [*****.]
Gold:   535        SH:  0    Dex: 26    Spells: 6/10 levels left

rFire   . .          .
                       - Unarmed
rCold   . . .        (no shield)
rNeg    + . .        O - +0 troll leather armour
rPois   .            R - +2 helmet {SInv}
rElec   .            u - +2 cloak {Will+}
rCorr   .            (no gloves)
SInv    +            B - +0 pair of boots
Will    +....        L - amulet of guardian spirit
Stlth   ++           p - +6 ring of intelligence
HPRegen 1.15/turn    P - ring of Betteggy {rN+ MP+9}
MPRegen 0.21/turn

%: guardian spirit
@: marked, very slow
A: foul stench 1, spiny 1, big brain 1, demonic touch 2
a: Renounce Religion, Bend Time, Temporal Distortion, Slouch, Step From Time


You were on level 12 of the Dungeon.
You worshipped Cheibriados.
Cheibriados was extremely pleased with you.
You visited 2 branches of the dungeon, and saw 13 of its levels.

You collected 625 gold pieces.
You spent 90 gold pieces at shops.

Inventory:

Missiles
 d - 3 throwing nets (quivered)
 e - 4 javelins
Armour
 u - a +2 cloak of willpower (worn)
 B - a +0 pair of boots (worn)
 O - a +0 troll leather armour (worn)
 R - a +2 helmet of see invisible (worn)
Jewellery
 p - a +6 ring of intelligence (left hand)
 y - an amulet of the acrobat
 L - an amulet of guardian spirit (around neck)
 P - the ring of Betteggy (right hand) {rN+ MP+9}
   (You found it on level 9 of the Dungeon)

   [ring of magical power]

   rN+:       It protects you from negative energy.
   MP+9:      It affects your magic capacity (+9).
Wands
 G - a wand of paralysis (31)
 I - a wand of roots (7)
 M - a wand of digging (10)
Scrolls
 a - 3 scrolls of butterflies {unknown}
 b - a scroll of fog {unknown}
 c - 3 scrolls of fear {unknown}
 f - 2 scrolls of poison {unknown}
 g - 14 scrolls of identify {unknown}
 k - 5 scrolls of silence {unknown}
 m - 2 scrolls of revelation {unknown}
 o - a scroll of noise {unknown}
 r - 4 scrolls of enchant weapon {unknown}
 t - 3 scrolls of teleportation
 w - a scroll of blinking {unknown}
 x - 6 scrolls of immolation {unknown}
 A - 3 scrolls of amnesia {unknown}
 D - a scroll of enchant armour {unknown}
 J - a scroll of vulnerability {unknown}
 Q - a scroll of acquirement {unknown}
Potions
 h - 4 potions of enlightenment {unknown}
 i - 2 potions of invisibility {unknown}
 j - 2 potions of haste {unknown}
 l - a potion of lignification {unknown}
 q - 5 potions of curing
 v - 4 potions of heal wounds {unknown}
 z - a potion of might {unknown}
 C - a potion of degeneration {unknown}
 E - a potion of brilliance {unknown}
 F - a potion of mutation {unknown}
 H - a potion of cancellation {unknown}
 K - a potion of ambrosia {unknown}
 N - a potion of attraction {unknown}


   Skills:
 + Level 11.5 Fighting
 - Level 2.8 Long Blades
 - Level 2.0 Throwing
 - Level 3.0 Dodging
 + Level 10.2 Unarmed Combat
 - Level 5.2 Translocations
 + Level 12.7 Invocations


You had 6 spell levels left.
You knew the following spells:

 Your Spells              Type           Power      Damage    Failure   Level
a - Blink                 Tloc           58%        N/A       2%          2
b - Lesser Beckoning      Tloc           58%        N/A       2%          2

Your spell library contained the following spells:

 Spells                   Type           Power      Damage    Failure   Level
 Momentum Strike          Conj/Tloc      28%        3d8       6%          2
 Magic Dart               Conj           0%         1d3       12%         1
 Slow                     Hex            0%         N/A       12%         1
 Call Imp                 Summ           0%         N/A       19%         2
 Call Canine Familiar     Summ           0%         N/A       36%         3
 Confusing Touch          Hex            0%         N/A       36%         3
 Sigil of Binding         Hex            0%         N/A       36%         3
 Vampiric Draining        Necr           0%         2d6       36%         3
 Dimensional Bullseye     Hex/Tloc       7%         N/A       38%         4
 Animate Dead             Necr           0%         N/A       77%         4
 Haunt                    Necr/Summ      0%         N/A       100%        7
 Infestation              Necr           0%         N/A       100%        8


Dungeon Overview and Level Annotations

Branches:
Dungeon (12/15)            Temple (1/1) D:5            Lair (0/5) D:9
    Orc (0/2) D:10

Altars:
Ashenzari
Cheibriados
Dithmenos
Fedhas
Gozag
Hepliaklqana
Kikubaaqudgha
Makhleb
Nemelex Xobeh
Okawaru
Qazlal
Ru
Sif Muna
Trog
Uskayaw
Vehumet
Wu Jian
Xom
Yredelemnul
Jiyva

Shops:
D:11 *

Annotations:
D:6 4 runed translucent doors, Newt's ghost, novice BaFi
D:9 3 runed translucent doors, Ceno's ghost, novice BaHs
D:10 2 runed translucent doors
D:12 Frances


Innate Abilities, Weirdness & Mutations

You may rarely emit foul miasma when damaged in melee.
You are partially covered in sharp spines.
You have an unusually large brain. (Int +2)
Your touch may inflict irresistible damage on your foes.


Message History

Frances is moderately wounded.
You strike the helpless Frances from behind!
You punch Frances!
Frances is moderately wounded.
Frances struggles against the net.
You completely miss Frances.
You touch Frances!
Frances is moderately wounded.
Frances struggles against the net.
An orc comes into view. It is wielding a +0 trident.
You punch Frances!
Frances is heavily wounded.
The hellwing completely misses you. The hellwing hits you.
You emit a cloud of foul miasma!
You pummel Frances!!
Frances is severely wounded.
Frances struggles against the net.
The hellwing closely misses you. The hellwing misses you.
You catch the helpless Frances completely off-guard!
You pummel Frances!!
Frances is severely wounded.
Frances struggles against the net.
The net rips apart, and Frances comes free!
An orc priest comes into view.
It is wielding a +0 flail of protection.
The hellwing completely misses you. The hellwing closely misses you.
You punch Frances!
Frances is almost dead.
Frances whispers indecipherable words.
The shard of ice hits you!!
The orc priest invokes the aid of Beogh against you.
Beogh smites you!
* * * LOW HITPOINT WARNING * * *
You hit Frances but do no damage.
You touch Frances!
Your punch misses Frances.
Frances is almost dead.
The hellwing barely misses you.
The hellwing hits you but does no damage.
Frances whispers indecipherable words.
The iron shot hits you!!!
Ouch! That really hurt!
You die...
Cheibriados appreciates the motionlessness of death.

#####)###.#.......#
#.))†)).....###....
##.###.###<###......
#...##.###.###.#.#.# #.
#..?##.........#...#
#.###...######..........
#?.........#########..##
#.....(........ ....##
#.....@@..## ####.##
##.#...4.o.# #.#
#......###.### ...
#.###...# ..o #..#
##..###.# # ###.
#.)††..# ##.##.###
###.....# ....##..#


You could see Frances (drained), a hellwing (summoned), an orc priest and an
orc.

Vanquished Creatures
  Harold (D:11)
  A hydra (D:12)
  A centaur warrior (D:12)
  A boulder beetle (D:12)
  3 two-headed ogres
  Pikel (D:7)
  A deep elf pyromancer (D:12)
  An ugly thing (D:12)
  A gargoyle (D:11)
  An unseen horror (D:12)
  A komodo dragon (D:12)
  6 trolls
  2 hornets (D:8)
  16 yaks
  A shadow (D:9)
  8 vampire mosquitoes
  2 orc warriors
  2 water moccasins
  An ice beast (D:6)
  3 sky beasts
  A wolf (D:9)
  2 ogres (D:5)
  7 centaurs
  A phantom (D:5)
  A kobold brigand (D:7)
  4 bullfrogs
  2 gnoll sergeants
  2 scorpions
  5 wights (D:7)
  7 killer bees
  3 howler monkeys (D:8)
  An electric eel (D:9)
  2 bombardier beetles
  7 hounds
  2 orc priests
  A gnoll bouda (D:8)
  3 jellies
  Crazy Yiuf (D:3)
  2 iguanas (D:5)
  8 adders
  14 gnolls
  2 shadow imps (D:8)
  3 white imps
  A ribbon worm (D:2)
  4 dart slugs
  19 orcs
  7 bats
  13 endoplasms
  2 giant cockroaches
  6 goblins
  20 hobgoblins
  10 kobolds
  6 quokkas
  4 ball pythons
  2 frilled lizards
  13 rats
242 creatures vanquished.

Notes
Turn   | Place    | Note
-------+----------+-------------------------------------------
     0 | D:1      | grandjackal the Demonspawn Gladiator began the quest for
                  | the Orb.
     0 | D:1      | Reached XP level 1. HP: 16/16 MP: 1/1
    82 | D:1      | Gained mutation: Your touch may inflict minor irresistible
                  | damage on your foes. [demonic ancestry]
    82 | D:1      | Reached XP level 2. HP: 13/22 MP: 2/2
   349 | D:1      | Found a faded altar of an unknown god.
   454 | D:1      | Gained mutation: You are partially covered in sharp spines.
                  | [demonic ancestry]
   454 | D:1      | Reached XP level 3. HP: 28/28 MP: 3/3
   523 | D:1      | Reached skill level 1 in Unarmed Combat
   529 | D:1      | You fall into a shaft and drop 1 floor!
  1033 | D:2      | Identified the +8 sling of Xosch {drain, Will++}
  1062 | D:2      | Gained mutation: You have an unusually large brain. (Int
                  | +2) [demonic ancestry]
  1062 | D:2      | Reached XP level 4. HP: 18/35 MP: 4/4
  1368 | D:2      | Found an ancient bone altar of Kikubaaqudgha.
  2243 | D:3      | Found a runed translucent door.
  2244 | D:3      | Noticed Crazy Yiuf
  2531 | D:3      | Killed Crazy Yiuf
  2532 | D:3      | Reached XP level 5. HP: 29/42 MP: 3/5
  2697 | D:4      | Found a burning altar of Makhleb.
  2788 | D:4      | Learned a level 2 spell: Blink
  2805 | D:4      | Reached skill level 1 in Translocations
  2805 | D:4      | Reached XP level 6. HP: 49/49 MP: 6/6
  3162 | D:4      | Found a hazy altar of Hepliaklqana.
  3181 | D:5      | Entered Level 5 of the Dungeon
  3222 | D:5      | Noticed a water moccasin
  3226 | D:5      | Killed a water moccasin
  3239 | D:5      | Reached skill level 5 in Fighting
  3256 | D:5      | Reached XP level 7. HP: 56/56 MP: 7/7
  3344 | D:5      | Found a stormy altar of Qazlal.
  3439 | D:5      | Identified the +0 cloak "Waxzebro" {Stlth+}
  3476 | D:5      | Found a staircase to the Ecumenical Temple.
  3621 | Temple   | Entered the Ecumenical Temple
  3673 | Temple   | Became a worshipper of Cheibriados the Contemplative
  3784 | D:6      | Found a runed translucent gate.
  3784 | D:6      | Found a runed translucent gate.
  3784 | D:6      | Found a runed translucent gate.
  3784 | D:6      | Noticed Newt's ghost (novice BaFi)
  3791 | D:6      | Reached skill level 1 in Invocations
  3878 | D:6      | Found a broken altar of Ashenzari.
  3892 | D:6      | Gained mutation: You may rarely emit foul miasma when
                  | damaged in melee. [demonic ancestry]
  3892 | D:6      | Reached XP level 8. HP: 56/64 MP: 9/9
  3968 | D:6      | Found a runed translucent door.
  4060 | D:6      | Reached skill level 2 in Invocations
  4185 | D:7      | Reached skill level 5 in Unarmed Combat
  4188 | D:7      | Reached * piety under Cheibriados
  4189 | D:7      | Reached skill level 3 in Invocations
  4404 | D:7      | Noticed Pikel
  4418 | D:7      | Reached skill level 4 in Invocations
  4429 | D:7      | Killed Pikel
  4430 | D:7      | Reached skill level 5 in Invocations
  4430 | D:7      | Reached XP level 9. HP: 59/71 MP: 12/12
  4507 | D:7      | Reached skill level 5 in Translocations
  4851 | D:7      | Found a blossoming altar of Fedhas.
  4866 | D:7      | Found an ornate altar of the Wu Jian Council.
  4866 | D:7      | Found a shadowy altar of Dithmenos.
  5070 | D:8      | Reached ** piety under Cheibriados
  5284 | D:8      | Reached skill level 6 in Invocations
  5828 | D:8      | Reached skill level 7 in Invocations
  5881 | D:8      | Reached *** piety under Cheibriados
  6145 | D:9      | Noticed a two-headed ogre
  6153 | D:9      | Killed a two-headed ogre
  6154 | D:9      | Reached skill level 8 in Invocations
  6154 | D:9      | Reached XP level 10. HP: 41/82 MP: 7/16
  6725 | D:9      | Found a staircase to the Lair.
  6751 | D:9      | Reached skill level 9 in Invocations
  6841 | D:9      | Noticed a two-headed ogre
  6845 | D:9      | Killed a two-headed ogre
  7074 | D:9      | Found a runed translucent gate.
  7075 | D:9      | Found a runed translucent gate.
  7076 | D:9      | Found a runed translucent gate.
  7083 | D:9      | Identified the ring of Betteggy {rN+ MP+9}
  7449 | D:9      | Found a viscous altar of Jiyva.
  7449 | D:9      | Noticed Ceno's ghost (novice BaHs)
  7469 | D:10     | Entered Level 10 of the Dungeon
  7652 | D:10     | Found a shimmering altar of Xom.
  7658 | D:10     | Found a staircase to the Orcish Mines.
  7696 | D:10     | Found an opulent altar of Gozag.
  7712 | D:10     | Reached skill level 10 in Invocations
  7728 | D:10     | Reached **** piety under Cheibriados
  7744 | D:10     | Learned a level 2 spell: Lesser Beckoning
  7879 | D:10     | Reached skill level 10 in Fighting
  7883 | D:10     | Gained mutation: Your touch may inflict irresistible damage
                  | on your foes. [demonic ancestry]
  7883 | D:10     | Reached XP level 11. HP: 83/90 MP: 18/18
  8014 | D:10     | Found a large runed translucent door.
  8015 | D:10     | Found a large runed translucent door.
  8470 | D:11     | Found Lirghoaggy's General Store.
  8494 | D:11     | Bought a scroll of teleportation for 45 gold pieces
  8494 | D:11     | Bought a potion of curing for 45 gold pieces
  8517 | D:11     | Reached skill level 11 in Invocations
  8591 | D:11     | Noticed Harold
  8615 | D:11     | Killed Harold
  8841 | D:11     | Noticed a two-headed ogre
  8847 | D:11     | Killed a two-headed ogre
  9052 | D:12     | Noticed a centaur warrior
  9085 | D:12     | Noticed a deep elf pyromancer
  9087 | D:12     | Killed a centaur warrior
  9104 | D:12     | Reached skill level 12 in Invocations
  9110 | D:12     | Killed a deep elf pyromancer
  9239 | D:12     | Noticed a five-headed hydra
  9241 | D:12     | Noticed Frances
  9246 | D:12     | Killed a five-headed hydra
  9247 | D:12     | Reached skill level 10 in Unarmed Combat
  9364 | D:12     | Noticed a boulder beetle
  9375 | D:12     | Killed a boulder beetle
  9375 | D:12     | Reached ***** piety under Cheibriados
  9452 | D:12     | Noticed a purple ugly thing
  9460 | D:12     | Killed a purple ugly thing
  9575 | D:12     | Killed from afar by Frances

Illustrated notes

Levels and vault maps discovered:
D:1:      minmay_arrival_five_plusses, layout_basic,
          hellmonk_ecumenical_altar_defaced_shrine
D:2:      minmay_angry_zag, layout_loops_ring, basic_altar, minmay_hexomino_c4
D:3:      layout_loops_corners, uniq_crazy_yiuf_cottage
D:4:      layout_cave_pools, worldfamousw_hep_ancestral_shrine,
          mainiacjoe_overflow_alcove_1
D:5:      layout_cave_pools, grunt_qazlal_clouds,
          minmay_temple_entry_statues_fountains
D:6:      layout_cave_pools, nicolae_overflow_crystal_walls,
          general_overflow_altar, ebering_ghost_rock_garden,
          hangedman_decor_diamond_cutter, lightli_church_of_beogh
D:7:      layout_loops_ring, grunt_temple_overflow_open, uniq_pikel
D:8:      layout_basic, chequers_hall_statues_wall_a, uniq_grum
D:9:      layout_cave_pools, erik_lair_island, gammafunk_ghost_ooze,
          serial_co_window_serial, co_window_of_opportunity_a,
          co_window_paths_a, co_window_paths_a, co_window_paths_a,
          co_window_of_opportunity_a, co_window_corner_ca, co_window_corner_b,
          co_window_unsneaky_path_b, co_window_broadway_b,
          co_window_of_opportunity_b, co_window_paths_e, glass_columns_a,
          glass_columns_a, glass_columns_b, glass_columns_b,
          kennysheep_generic_room_4
D:10:     layout_roguey, mainiacjoe_overflow_catwalk, grunt_gozag_statues,
          kennysheep_little_box, orc_0_dummy, nrook_campfire,
          lightli_elemental_guards
D:11:     layout_rooms, serial_shops, shop, uniq_harold
D:12:     layout_loops_ring, uniq_frances
Temple:   jpeg_temple_clearing

Skill      XL: |  1  2  3  4  5  6  7  8  9 10 11 |
---------------+----------------------------------+-----
Throwing       | 2 |  2.0
Dodging        | 3 |  3.0
Unarmed Combat | 1 2 3 4 5 7 8 10 | 10.2
Fighting       | 3 4 5 6 8 10 11 | 11.5
Translocations | 1 2 3 4 5 |  5.2
Invocations    | 1 5 8 10 12 | 12.7
Long Blades    | |  2.8

Action                     |  1- 3 |  4- 6 |  7- 9 | 10-12 || total
---------------------------+-------+-------+-------+-------++-------
  Melee: Long sword        |    88 |       |       |       ||    88
         Touch             |    10 |       |     6 |    33 ||    49
         Unarmed           |       |       |    28 |   121 ||   149
         Punch             |       |       |     2 |    13 ||    15
   Fire: Sling             |       |   110 |   184 |   168 ||   462
  Throw: Throwing net      |       |       |       |     1 ||     1
 Invoke: Temporal Distorti |       |       |       |     1 ||     1
    Use: Scroll            |       |       |       |     1 ||     1
         Potion            |       |       |       |     1 ||     1
   Stab: Held in net/web   |       |       |       |     3 ||     3
 Armour: Leather armour    |    55 |       |       |       ||    55
         Ring mail         |       |    19 |    74 |    30 ||   123
         Troll leather arm |       |       |       |   166 ||   166
  Dodge: Dodged            |    54 |    12 |   104 |   166 ||   336

Table legend: (Time is in decaauts)
 A = Elapsed time spent in this place.
 B = Non-inter-level travel time spent in this place.
 C = Inter-level travel time spent in this place.
 D = Time resting spent in this place.
 E = Time spent auto-exploring this place.
 F = Levels seen in this place.
 G = Mean time per level.
                   A        B        C        D        E       F      G
               +--------+--------+--------+--------+--------+-----+--------+
         Total |  11858 |  11513 |    345 |   1295 |   8404 |  13 |  912.2 |
       Dungeon |  11794 |  11449 |    345 |   1295 |   8404 |  12 |  982.8 |
        Temple |     63 |     63 |      0 |      0 |      0 |   1 |   63.0 |
               +--------+--------+--------+--------+--------+-----+--------+

Top non-repeatable levels by time:
     D:9: 1813 daAuts
     D:8: 1537 daAuts
    D:10: 1222 daAuts
     D:7: 1168 daAuts
    D:11: 1122 daAuts
     D:3: 1042 daAuts
     D:2: 917 daAuts
     D:1: 784 daAuts
    D:12: 610 daAuts
     D:6: 600 daAuts
     D:4: 505 daAuts
     D:5: 470 daAuts
  Temple: 63 daAuts
